 Dungeon Crawl Stone Soup version 0.23-a0-310-gdcc7a32 (webtiles) character file.

7751 Mgcat the Summoner (level 11, -6/64 HPs)
             Began as a Gargoyle Summoner on Oct 13, 2018.
             Was an Elder of Sif Muna.
             Mangled by a tentacled starspawn (13 damage)
             ... on level 1 of the Abyss.
             The game lasted 00:42:38 (11718 turns).

Mgcat the Summoner (Gargoyle Summoner)             Turns: 11718, Time: 00:42:39

Health: -6/64      AC: 16    Str: 15    XL:     11   Next: 20%
Magic:  23/23      EV: 12    Int: 19    God:    Sif Muna [****..]
Gold:   14         SH:  0    Dex: 10    Spells: 12/26 levels left

rFire    + . .     SeeInvis .   o - +3 trident (flame)
rCold    + . .     Gourm    .   (no shield)
rNeg     + . .     Faith    .   J - +1 robe {rC+}
rPois    ∞         Spirit   .   q - +0 helmet
rElec    +         Reflect  .   k - +1 cloak
rCorr    .         Harm     .   t - +1 pair of gloves
MR       .....                  (no boots)
Stlth    ++........             n - amulet of magic regeneration
HPRegen  0.20/turn              m - +3 ring of strength
MPRegen  0.43/turn              E - ring of protection from fire {rF+, !d}

@: about to teleport
A: negative energy resistance 1, electricity resistance, unbreathing,
petrification resistance, rot immunity, AC +8
a: Divine Energy, Channel Magic, Forget Spell, Renounce Religion


You were on level 1 of the Abyss.
You worshipped Sif Muna.
Sif Muna was greatly pleased with you.
You were very hungry.

You visited 2 branches of the dungeon, and saw 11 of its levels.
You visited the Abyss 1 time.
You also visited: Sewer.

You collected 690 gold pieces.
You spent 676 gold pieces at shops.

Inventory:

Hand Weapons
 a - the +5 scythe "Finisher" {speed, Str+3}
   (You found it on level 10 of the Dungeon)

   Attacks with this weapon are significantly faster.
   It affects your strength (+3).
 o - a +3 trident of flaming (weapon)
   (You found it on level 5 of the Dungeon)
 M - a +2 spear of flaming
   (You acquired it on level 1 of the Abyss)
Armour
 k - a +1 cloak (worn)
   (You took it off Crazy Yiuf on level 2 of the Dungeon)
 q - a +0 helmet (worn)
   (You found it in a sewer)
 t - a +1 pair of gloves (worn)
   (You found it on level 4 of the Dungeon)
 J - a +1 robe of cold resistance (worn)
   (You took it off Fannar on level 10 of the Dungeon)
Jewellery
 m - a +3 ring of strength (left hand)
   (You found it on level 4 of the Dungeon)
 n - an amulet of magic regeneration (around neck)
   (You found it on level 2 of the Dungeon)
 y - the amulet of Nivuy {Acrobat MR++ MP+9 Str-5 Dex+3}
   (You took it off an orc on level 7 of the Dungeon)

   [amulet of the acrobat]

   It helps you evade while moving and waiting.
   It affects your strength (-5).
   It affects your dexterity (+3).
   It affects your resistance to hostile enchantments.
   It affects your magic capacity (+9).
 E - a ring of protection from fire (right hand) {rF+, !d}
   (You found it on level 6 of the Dungeon)
 I - an uncursed ring of ice {rC+, rF-}
   (You took it off Fannar on level 10 of the Dungeon)
Wands
 f - a wand of digging (20)
   (You took it off Ijyb on level 3 of the Dungeon)
 r - a wand of flame (81)
   (You found it in a sewer)
 u - a wand of random effects (28)
   (You took it off an orc wizard on level 7 of the Dungeon)
 D - a wand of clouds (5)
   (You found it on level 8 of the Dungeon)
 F - a wand of polymorph (15)
   (You found it on level 8 of the Dungeon)
Scrolls
 d - 6 scrolls of identify
 p - 2 scrolls of fog
 x - 2 scrolls of remove curse
 A - 4 scrolls of amnesia
 B - a scroll of fear
 H - a scroll of summoning {unknown}
 K - a scroll of magic mapping {unknown}
Potions
 e - 4 potions of mutation {!q}
 g - a potion of cancellation
 i - 2 potions of brilliance
 j - 2 potions of might
 l - 6 potions of curing
 s - 3 potions of lignification {!q}
 v - a potion of ambrosia {unknown}
 w - a potion of flight
Comestibles
 c - 26 rations


   Skills:
 + Level 5.8 Fighting
 - Level 5.0 Polearms
 + Level 2.6 Armour
 + Level 2.6 Dodging
 - Level 2.1 Stealth
 + Level 8.3 Spellcasting
 + Level 8.8 Summonings
 - Level 5.4 Ice Magic
 + Level 4.3 Air Magic


You had 12 spell levels left.
You knew the following spells:

 Your Spells              Type           Power        Failure   Level  Hunger
a - Summon Small Mammal   Summ           ####         1%          1    None
b - Call Imp              Summ           #####...     1%          2    None
c - Call Canine Familiar  Summ           #####...     1%          3    None
d - Summon Ice Beast      Ice/Summ       #####...     4%          4    ###....
e - Summon Lightning Spi  Summ/Air       ####....     6%          4    ###....

Your spell library contained the following spells:

 Spells                   Type           Power        Failure   Level  Hunger
 Shock                    Conj/Air       ###.         3%          1    None
 Summon Guardian Golem    Hex/Summ       ###.....     4%          3    None
 Poisonous Vapours        Pois/Air       ###...       5%          2    None
 Swiftness                Chrm/Air       ###.....     5%          2    None
 Animate Skeleton         Necr           N/A          9%          1    None
 Corona                   Hex            #......      9%          1    None
 Magic Dart               Conj           #...         9%          1    None
 Static Discharge         Conj/Air       ###.....     11%         3    None
 Blink                    Tloc           N/A          14%         2    None
 Slow                     Hex            #.......     14%         2    None
 Mephitic Cloud           Conj/Pois/Air  ##......     14%         3    None
 Airstrike                Air            ###.......   16%         4    ###....
 Conjure Flame            Conj/Fire      #.......     26%         3    None
 Inner Flame              Hex/Fire       #.......     26%         3    None
 Portal Projectile        Hex/Tloc       #.....       26%         3    None
 Vampiric Draining        Necr           #.........   26%         3    None
 Summon Mana Viper        Hex/Summ       ###.....     36%         5    #####..
 Animate Dead             Necr           N/A          65%         4    ###....
 Cause Fear               Hex            #.........   65%         4    ###....
 Leda's Liquefaction      Hex/Erth       #.........   65%         4    ###....
 Lightning Bolt           Conj/Air       ###.......   71%         5    #####..
 Summon Hydra             Summ           #####.....   89%         7    #######
 Freezing Cloud           Conj/Ice/Air   ###.......   98%         6    ######.
 Ring of Flames           Chrm/Fire      #.........   100%        7    #######


Dungeon Overview and Level Annotations

Branches:
Dungeon (10/15)            Temple (1/1) D:5            Lair (0/6) D:8
    Orc (0/2) D:9

Altars:
Ashenzari
Cheibriados
Dithmenos
Elyvilon
Fedhas
Gozag
Hepliaklqana
Kikubaaqudgha
Makhleb
Nemelex Xobeh
Okawaru
Qazlal
Ru
Sif Muna
Trog
Uskayaw
Vehumet
Wu Jian
Xom
Yredelemnul
Zin
The Shining One
Beogh

Shops:
D:10 ?

Annotations:
D:9 2 transporters, Armakuni's ghost, novice HuMo
D:10 1 runed door, Nib's ghost, journeyman CeHu; Sonja


Innate Abilities, Weirdness & Mutations

You are resistant to torment.
Your stone body is resilient. (AC +8)
You are immune to poison.
You resist negative energy. (rN+)
You are resistant to electric shocks. (rElec)
You can survive without breathing.
You are immune to petrification.
You are immune to rotting.


Message History

Press: ? - help, Shift-Dir - straight line, f/p - tentacled starspawn
Aim: a tentacled starspawn (noxious fumes, moderately damaged)
The burst of metal fragments hits the tentacled starspawn. x4
The tentacled starspawn is moderately damaged.
Casting: Summon Lightning Spire (safe; 6% risk of failure)
Confirm with . or Enter, or press ? or * to list all spells.
Aiming: Summon Lightning Spire (safe; 6% risk of failure)
Press: ? - help, Dir - move target cursor, p - tentacled starspawn An electric hum fills the air.
The tentacled starspawn bites your lightning spire but does no damage.
The tentacled starspawn completely misses your lightning spire.
Attack whom?
Press: ? - help, Dir - move target cursor, f - tentacled starspawn
Aim: a tentacled starspawn (noxious fumes, moderately damaged)
You could not reach far enough!
The tentacled starspawn bites your lightning spire!!
Your lightning spire is destroyed!
Evoke which item? (* to show all) (? for menu, Esc to quit)
Aiming: Scattershot
Press: ? - help, Shift-Dir - straight line, f/p - tentacled starspawn
Aim: a tentacled starspawn (noxious fumes, moderately damaged)
The burst of metal fragments hits the tentacled starspawn. x3
The tentacled starspawn is heavily damaged.
The tentacled starspawn closely misses you.
The tentacled starspawn engulfs you.
Evoke which item? (* to show all) (? for menu, Esc to quit)
Aiming: Scattershot
Press: ? - help, Shift-Dir - straight line, f/p - tentacled starspawn
Aim: a tentacled starspawn (noxious fumes, heavily damaged)
The burst of metal fragments hits the tentacled starspawn. x4
The tentacled starspawn is severely damaged.
The tentacled starspawn bites you!
The tentacled starspawn engulfs you but does no damage.
Evoke which item? (* to show all) (? for menu, Esc to quit)
Aiming: Scattershot
Press: ? - help, Shift-Dir - straight line, f/p - tentacled starspawn
Aim: a tentacled starspawn (noxious fumes, severely damaged)
The burst of metal fragments hits the tentacled starspawn. x4
The tentacled starspawn is severely damaged.
The tentacled starspawn bites you but does no damage.
The tentacled starspawn barely misses you.
Evoke which item? (* to show all) (? for menu, Esc to quit)
Aiming: Scattershot
Press: ? - help, Shift-Dir - straight line, f/p - tentacled starspawn
Aim: a tentacled starspawn (noxious fumes, severely damaged)
The burst of metal fragments hits the tentacled starspawn. x4
The tentacled starspawn is severely damaged.
The tentacled starspawn bites you. The tentacled starspawn engulfs you.
Evoke which item? (* to show all) (? for menu, Esc to quit)
Aiming: Scattershot
Press: ? - help, Shift-Dir - straight line, f/p - tentacled starspawn
Aim: a tentacled starspawn (noxious fumes, severely damaged)
The burst of metal fragments hits the tentacled starspawn. x4
The tentacled starspawn is severely damaged.
The tentacled starspawn bites you!!
* * * LOW HITPOINT WARNING * * *
The tentacled starspawn barely misses you.
Evoke which item? (* to show all) (? for menu, Esc to quit)
Aiming: Scattershot
Press: ? - help, Shift-Dir - straight line, f/p - tentacled starspawn
Aim: a tentacled starspawn (noxious fumes, severely damaged)
The burst of metal fragments hits the tentacled starspawn. x4
The tentacled starspawn is severely damaged.
A tentacle flies out from the starspawn's body!
A starspawn tentacle comes into view.
Unknown command.
Unknown command.
Unknown command.
Unknown command.
Okay, then.
Unknown command.
You feel much better. The tentacled starspawn bites you!!
* * * LOW HITPOINT WARNING * * *
The tentacled starspawn engulfs you but does no damage.
You feel much better. The tentacled starspawn bites you.
The tentacled starspawn engulfs you!
* * * LOW HITPOINT WARNING * * *
Evoke which item? (* to show all) (? for menu, Esc to quit)
Aiming: Scattershot
Press: ? - help, Shift-Dir - straight line, f/p - tentacled starspawn
Aim: a tentacled starspawn (noxious fumes, severely damaged)
The burst of metal fragments hits the tentacled starspawn. x4
The tentacled starspawn is almost destroyed.
The now-empty wand crumbles to dust.
The tentacled starspawn bites you.
* * * LOW HITPOINT WARNING * * *
The tentacled starspawn engulfs you.
* * * LOW HITPOINT WARNING * * *
Evoke which item? (* to show all) (? for menu, Esc to quit)
You don't have any such object.
Evoke which item? (* to show all) (? for menu, Esc to quit)
Okay, then.
Unknown command.
Evoke which item? (* to show all) (? for menu, Esc to quit)
Okay, then.
Unknown command.
As you read the scroll of teleportation, it crumbles to dust.
You feel strangely unstable.
You feel the power of the Abyss delaying your translocation!
The tentacled starspawn bites you!
You die...

≈≈ ## ≈≈≈
##. .≈
..##≈≈ .
#...≈♣# ...
#..≈≈### .#
#.#
##≈≈##@# .
##.≈§wX## #
#...≈§§## #
##..≈≈. ..#
.
..#≈≈X.#..#
#. . .# #≈
.# #.# # .
#≈≈##.####
#≈≈#.##
#≈≈#.#


You could see a tentacled starspawn and a starspawn tentacle.

Vanquished Creatures
  A two-headed ogre (D:8)
  A cyclops (D:10)
  Grinder (D:6)
  2 hippogriffs
  A wraith (D:10)
  A yak (D:10)
  A steam dragon (D:10)
  2 soldier ants (D:8)
  A water moccasin (D:7)
  An ice beast (D:7)
  2 orc warriors (D:7)
  Purgy (D:3)
  A small abomination (Abyss:1)
  3 ogres
  A centaur (D:10)
  2 crocodiles (D:8)
  7 killer bees
  2 scorpions
  A wight (D:8)
  3 crimson imps
  A bullfrog zombie (D:10)
  5 orc priests
  2 jellies
  A centaur skeleton (D:7)
  A hound (D:8)
  4 iguanas
  Jessica (D:2)
  Ijyb (D:3)
  Natasha (D:4)
  10 orc wizards
  2 worker ants
  A killer bee zombie (D:6)
  A hound skeleton (D:5)
  2 worker ant zombies (D:7)
  7 gnolls
  4 adders
  4 shadow imps
  2 worms
  5 leopard geckos
  14 orcs
  11 giant cockroaches
  5 goblins (D:1)
  6 hobgoblins
  11 jackals
  5 kobolds
  3 quokkas
  4 ball pythons
  4 bats
  7 frilled lizards
  2 leopard gecko skeletons
  7 rats
169 creatures vanquished.

Vanquished Creatures (collateral kills)
  Fannar (D:10)
  Nergalle (D:10)
  Joseph (D:10)
  An elephant (D:8)
  A hornet (D:8)
  5 wraiths (D:10)
  2 yaks (D:9)
  2 hungry ghosts
  Edmund (D:4)
  Menkaure (D:4)
  3 orc warriors
  An ice beast (D:9)
  A centaur (D:6)
  An ogre (D:6)
  4 bullfrogs
  3 scorpions
  4 wights (D:8)
  8 killer bees
  A bullfrog zombie (D:6)
  2 quasits
  2 crimson imps (D:5)
  2 hounds
  3 orc priests
  Crazy Yiuf (D:2)
  9 orc wizards
  A centaur skeleton (D:7)
  3 worker ants
  Natasha (twice) (D:4)
  2 iguanas
  Terence (D:3)
  A hound skeleton (D:6)
  8 gnolls
  A river rat (D:3)
  8 adders
  An adder skeleton (D:5)
  A worm (D:2)
  A dart slug (D:3)
  2 leopard geckos
  25 orcs
  2 bats
  10 giant cockroaches
  5 hobgoblins
  7 jackals
  A kobold (D:1)
  A quokka (D:6)
  A ball python (Sewer)
  2 frilled lizards (Sewer)
  A leopard gecko zombie (D:5)
  A rat (D:2)
  A starspawn tentacle (Abyss:1)
150 creatures vanquished.

Vanquished Creatures (others)
  2 fungi (D:8)
  A plant (D:8)
  12 starspawn tentacles (Abyss:1)
15 creatures vanquished.

Grand Total: 334 creatures vanquished

Notes
Turn   | Place    | Note
-------+----------+-------------------------------------------
     0 | D:1      | Mgcat the Gargoyle Summoner began the quest for the Orb.
     0 | D:1      | Reached XP level 1. HP: 10/10 MP: 3/3
   136 | D:1      | HP: 2/10 [leopard gecko (3)]
   435 | D:1      | Reached XP level 2. HP: 16/16 MP: 3/5
   439 | D:1      | Learned a level 2 spell: Call Imp
   743 | D:1      | Reached skill level 1 in Fighting
   807 | D:1      | Reached XP level 3. HP: 13/20 MP: 3/6
   974 | D:1      | Reached skill level 1 in Polearms
  1395 | D:2      | HP: 4/21 [hobgoblin/mace (4)]
  1406 | D:2      | Reached skill level 4 in Summonings
  1411 | D:2      | Learned a level 3 spell: Call Canine Familiar
  1425 | D:2      | Reached XP level 4. HP: 26/26 MP: 4/7
  1482 | D:2      | Noticed Jessica
  1508 | D:2      | Killed Jessica
  1618 | D:2      | Found a runed door.
  1773 | D:2      | Noticed Crazy Yiuf
  1787 | D:2      | HP: 2/26 [Crazy Yiuf/quarterstaff of chaos (10)]
  1798 | D:2      | Killed Crazy Yiuf
  1798 | D:2      | Reached skill level 2 in Fighting
  1984 | D:3      | Reached XP level 5. HP: 29/30 MP: 7/9
  2009 | D:3      | Reached skill level 2 in Polearms
  2009 | D:3      | Reached skill level 3 in Spellcasting
  2176 | D:3      | Found a glowing drain.
  2180 | Sewer    | Entered a sewer
  2440 | Sewer    | Reached XP level 6. HP: 26/36 MP: 6/10
  2749 | D:3      | Learned a level 4 spell: Summon Ice Beast
  3022 | D:3      | Noticed Ijyb
  3046 | D:3      | Killed Ijyb
  3075 | D:3      | Noticed Terence
  3089 | D:3      | Killed Terence
  3089 | D:3      | Reached skill level 3 in Fighting
  3173 | D:3      | Noticed Purgy
  3187 | D:3      | Killed Purgy
  3669 | D:4      | Noticed Natasha
  3684 | D:4      | Killed Natasha
  3767 | D:4      | Noticed Edmund
  3804 | D:4      | Killed Edmund
  3804 | D:4      | Reached XP level 7. HP: 40/41 MP: 4/12
  3951 | D:4      | Noticed Menkaure
  3962 | D:4      | Killed Menkaure
  3962 | D:4      | Reached skill level 3 in Polearms
  3962 | D:4      | Reached skill level 5 in Summonings
  4108 | D:4      | Noticed Natasha
  4113 | D:4      | Killed Natasha
  4133 | D:4      | Noticed Natasha
  4145 | D:4      | Killed Natasha
  4322 | D:4      | Reached skill level 4 in Spellcasting
  4610 | D:5      | Entered Level 5 of the Dungeon
  4614 | D:5      | Reached skill level 4 in Fighting
  4814 | D:5      | Found a hide-covered altar of Uskayaw.
  4814 | D:5      | Found a glowing silver altar of Zin.
  4947 | D:5      | Found a sparkling altar of Nemelex Xobeh.
  5111 | D:5      | Reached XP level 8. HP: 28/48 MP: 11/14
  5662 | D:5      | Found a staircase to the Ecumenical Temple.
  5790 | Temple   | Entered the Ecumenical Temple
  5892 | Temple   | Became a worshipper of Sif Muna the Loreminder
  6025 | D:6      | Reached skill level 4 in Polearms
  6146 | D:6      | Reached skill level 1 in Ice Magic
  6177 | D:6      | Reached skill level 5 in Fighting
  6231 | D:6      | Found a sparkling altar of Nemelex Xobeh.
  6233 | D:6      | Noticed Grinder
  6249 | D:6      | Killed Grinder
  6249 | D:6      | Reached skill level 5 in Spellcasting
  6393 | D:6      | Reached skill level 2 in Ice Magic
  6397 | D:6      | HP: 5/49 [orc warrior/tomahawk (15)]
  6739 | D:6      | Reached skill level 6 in Summonings
  6748 | D:6      | Found a bloodstained altar of Trog.
  6986 | D:6      | Reached * piety under Sif Muna
  7053 | D:6      | Found a deep blue altar of Sif Muna.
  7112 | D:7      | Reached XP level 9. HP: 41/54 MP: 14/17
  7238 | D:6      | Reached skill level 3 in Ice Magic
  7333 | D:7      | Reached skill level 5 in Polearms
  7551 | D:7      | Reached skill level 6 in Spellcasting
  7637 | D:7      | Reached ** piety under Sif Muna
  7637 | D:7      | Reached skill level 4 in Ice Magic
  7739 | D:7      | Reached skill level 7 in Summonings
  7811 | D:7      | Got a fine jade amulet
  7812 | D:7      | Identified the amulet of Nivuy {Acrobat MR++ MP+9 Str-5
                  | Dex+3} (You took it off an orc on level 7 of the Dungeon)
  7822 | D:7      | Found a shattered altar of Ashenzari.
  8059 | D:7      | Learned a level 4 spell: Summon Lightning Spire
  8451 | D:8      | Noticed a two-headed ogre
  8490 | D:8      | HP: 12/54 [two-headed ogre/giant club (28)]
  8492 | D:8      | Killed a two-headed ogre
  8492 | D:8      | Reached skill level 5 in Ice Magic
  8492 | D:8      | Reached skill level 1 in Air Magic
  8492 | D:8      | Reached XP level 10. HP: 9/59 MP: 15/20
  8773 | D:8      | Reached skill level 7 in Spellcasting
  8897 | D:8      | Reached *** piety under Sif Muna
  8897 | D:8      | Reached skill level 2 in Air Magic
  9231 | D:8      | Found a staircase to the Lair.
  9282 | D:8      | Reached skill level 8 in Summonings
  9549 | D:8      | Noticed an elephant
  9562 | D:8      | Killed an elephant
  9562 | D:8      | Reached skill level 3 in Air Magic
  9627 | D:8      | Found a glowing golden altar of the Shining One.
  9723 | D:9      | Found a staircase to the Orcish Mines.
  9829 | D:9      | Found a roughly hewn altar of Beogh.
 10166 | D:9      | Identified the Compendium of Evil Arts and the Entourage
 10187 | D:9      | Found a transporter.
 10189 | D:9      | Found a transporter.
 10238 | D:9      | Noticed Armakuni's ghost (novice HuMo)
 10518 | D:10     | Entered Level 10 of the Dungeon
 10558 | D:10     | Reached **** piety under Sif Muna
 10608 | D:10     | Noticed Nergalle
 10623 | D:10     | Killed Nergalle
 10623 | D:10     | Reached skill level 1 in Armour
 10679 | D:10     | Noticed Fannar
 10716 | D:10     | Killed Fannar
 10716 | D:10     | Reached skill level 2 in Dodging
 10716 | D:10     | Reached skill level 8 in Spellcasting
 10818 | D:10     | Noticed a cyclops
 10827 | D:10     | Killed a cyclops
 10827 | D:10     | Reached skill level 4 in Air Magic
 10827 | D:10     | Reached XP level 11. HP: 33/64 MP: 13/23
 10941 | D:10     | Found a runed door.
 10946 | D:10     | Noticed Joseph
 10961 | D:10     | Killed Joseph
 10961 | D:10     | Reached skill level 2 in Armour
 11216 | D:10     | Found the +5 scythe "Finisher" {speed, Str+3}
 11356 | D:10     | Noticed Nib's ghost (journeyman CeHu)
 11375 | D:10     | Found Yjutey's Magic Scroll Boutique.
 11385 | D:10     | Bought a scroll of acquirement for 676 gold pieces
 11427 | D:10     | Noticed Sonja
 11447 | D:10     | Cast into level 1 of the Abyss (Sonja)
 11538 | Abyss:1  | Noticed a starcursed mass
 11562 | Abyss:1  | Noticed a thrashing horror
 11575 | Abyss:1  | Noticed a large abomination
 11653 | Abyss:1  | Noticed a tentacled starspawn
 11713 | Abyss:1  | HP: 2/64 [tentacled starspawn (26)]
 11718 | Abyss:1  | Mangled by a tentacled starspawn

Vault maps used:
D:1:      dpeg_arrival_leaves_temple_mockup, minmay_misc_feat_alley
D:2:      first_ration, uniq_crazy_yiuf_cottage, uniq_jessica
D:3:      gup_sewer_entry_spiral, serial_forest, infiniplex_forest_lined_room_,
          infiniplex_forest_clump_small, infiniplex_forest_lined_3_way,
          infiniplex_forest_lined_corner, infiniplex_forest_clump_tiny,
          infiniplex_forest_corner_1, infiniplex_forest_side_room, uniq_terence,
          uniq_purgy, uniq_ijyb
D:4:      uniq_menkaure, uniq_natasha, uniq_edmund
D:5:      minmay_opposing_rooms, nicolae_overflow_crystal_walls,
          gammafunk_temple_overflow_elements, minmay_temple_entry_trees
D:6:      lemuel_crystal_altar, basic_altar, led_sif_book, uniq_grinder
D:7:      kennysheep_mini_moat, enter_ossuary_2
D:8:      david_lair_generic, minmay_misc_feat_pillars,
          hangedman_pestilent_swarm, hangedman_abyss_or_decor_clamps, tso_altar
D:9:      minmay_orc_entry_temple_small, gammafunk_ghost_hive
D:10:     gammafunk_ghost_grave, serial_shops, shop_fountains,
          nrook_loot_triangle, minmay_guarded_unrand_finisher, uniq_nergalle,
          uniq_joseph, uniq_fannar, uniq_sonja
Temple:   minmay_crystal_spiral_temple
Sewer:    sewer_frog_island_01

Skill      XL: |  1  2  3  4  5  6  7  8  9 10 11 |
---------------+----------------------------------+-----
Fighting       | 1 2 3 4 5 |  5.8
Polearms       | 1 2 3 4 5 |  5.0
Summonings     | 4 5 6 7 8 |  8.8
Spellcasting   | 3 4 5 6 8 |  8.3
Ice Magic      | 2 5 |  5.4
Air Magic      | 1 4 |  4.3
Armour         | 1 2 |  2.6
Dodging        | 2 |  2.6
Stealth        | |  2.1

Action                   |  1- 3 |  4- 6 |  7- 9 | 10-12 || total
-------------------------+-------+-------+-------+-------++-------
Melee: Spear             |   142 |   224 |   166 |       ||   532
       Trident           |       |       |   225 |   239 ||   464
 Cast: Summon Small Mamm |    12 |       |       |       ||    12
       Call Imp          |     7 |    14 |    41 |     8 ||    70
       Call Canine Famil |       |    25 |    37 |     5 ||    67
       Summon Ice Beast  |       |       |       |    31 ||    31
       Summon Lightning  |       |       |       |    25 ||    25
Evoke: Wand              |       |       |     1 |     9 ||    10
  Use: Potion            |     1 |     1 |       |     5 ||     7
       Scroll            |       |     9 |    12 |     8 ||    29
 Stab: Sleeping          |     4 |     2 |     8 |     1 ||    15
       Distracted        |     1 |     5 |     5 |     4 ||    15
  Eat: Chunk             |     2 |    12 |    18 |    18 ||    50
Armor: Robe              |    38 |    44 |    98 |    79 ||   259
Dodge: Dodged            |    67 |    94 |   159 |   117 ||   437

Table legend:
 A = Non-vault XP
 B = Vault XP
 C = Vault XP percentage of total XP
 D = Non-vault monster count
 E = Vault monster count
 F = Vault count percentage of total count
                 A         B        C        D         E       F
            +---------+---------+-------+---------+---------+-------
      Total |    6934 |    4139 |  37.4 |     247 |      71 |  22.3
            +---------+---------+-------+---------+---------+-------
        D:1 |      44 |       0 |   0.0 |      29 |       0 |   0.0
        D:2 |      52 |      49 |  48.5 |      20 |       2 |   9.1
        D:3 |     129 |     145 |  52.9 |      22 |       8 |  26.7
        D:4 |     141 |     217 |  60.6 |      14 |       3 |  17.6
        D:5 |     454 |      67 |  12.9 |      25 |       7 |  21.9
        D:6 |     657 |     278 |  29.7 |      23 |       3 |  11.5
        D:7 |    1916 |       0 |   0.0 |      52 |       0 |   0.0
        D:8 |    1481 |    1077 |  42.1 |      32 |       8 |  20.0
        D:9 |     435 |     208 |  32.3 |       5 |      11 |  68.8
       D:10 |    1501 |    2014 |  57.3 |      24 |       9 |  27.3
    Abyss:1 |     124 |       0 |   0.0 |       1 |       0 |   0.0
      Sewer |       0 |      84 | 100.0 |       0 |      20 | 100.0
            +---------+---------+-------+---------+---------+-------

Vault maps used:
D:1:      dpeg_arrival_leaves_temple_mockup, minmay_misc_feat_alley
D:2:      first_ration, uniq_crazy_yiuf_cottage, uniq_jessica
D:3:      gup_sewer_entry_spiral, serial_forest, infiniplex_forest_lined_room_,
          infiniplex_forest_clump_small, infiniplex_forest_lined_3_way,
          infiniplex_forest_lined_corner, infiniplex_forest_clump_tiny,
          infiniplex_forest_corner_1, infiniplex_forest_side_room, uniq_terence,
          uniq_purgy, uniq_ijyb
D:4:      uniq_menkaure, uniq_natasha, uniq_edmund
D:5:      minmay_opposing_rooms, nicolae_overflow_crystal_walls,
          gammafunk_temple_overflow_elements, minmay_temple_entry_trees
D:6:      lemuel_crystal_altar, basic_altar, led_sif_book, uniq_grinder
D:7:      kennysheep_mini_moat, enter_ossuary_2
D:8:      david_lair_generic, minmay_misc_feat_pillars,
          hangedman_pestilent_swarm, hangedman_abyss_or_decor_clamps, tso_altar
D:9:      minmay_orc_entry_temple_small, gammafunk_ghost_hive
D:10:     gammafunk_ghost_grave, serial_shops, shop_fountains,
          nrook_loot_triangle, minmay_guarded_unrand_finisher, uniq_nergalle,
          uniq_joseph, uniq_fannar, uniq_sonja
Temple:   minmay_crystal_spiral_temple
Sewer:    sewer_frog_island_01

Table legend:
 A = Turns spent in this place as a percentage of turns spent in the entire game.
 B = Non-inter-level travel turns spent in this place as a percentage of non-inter-level travel turns spent in the entire game.
 C = Inter-level travel turns spent in this place as a percentage of turns spent in this place.
 D = Turns resting spent in this place as a percentage of non-inter-level travel turns spent in this place.
 E = Turns spent auto-exploring this place as a percentage of non-inter-level travel turns spent in this place.
 F = Non-inter-level travel turns spent in this place divided by the number of levels of this place that you've seen.
                   A       B       C       D       E      F
               +-------+-------+-------+-------+-------+----------------------
         Total | 100.0 | 100.0 |   4.8 |   1.5 |  71.7 | 858.1
       Dungeon |  91.9 |  92.2 |   4.5 |   1.7 |  73.5 | 1028.6
        Temple |   1.6 |   0.9 |  43.5 |   0.0 |  78.8 | 104.0
         Abyss |   2.3 |   2.4 |   0.0 |   0.0 |  14.0 | 271.0
         Sewer |   4.2 |   4.4 |   0.0 |   0.0 |  64.2 | 494.0
               +-------+-------+-------+-------+-------+----------------------

Table legend:
 A = Kills in this place as a percentage of kills in entire the game.
 B = Kills by you in this place as a percentage of kills by you in the entire game.
 C = Kills by friends in this place as a percentage of kills by friends in the entire game.
 D = Other kills in this place as a percentage of other kills in the entire game.
 E = Experience gained in this place as a percentage of experience gained in the entire game.
 F = Experience gained in this place divided by the number of levels of this place that you have seen.
                   A       B       C       D       E      F
               +-------+-------+-------+-------+-------+----------------------
         Total | 100.0 | 100.0 | 100.0 |   N/A | 100.0 | 851.8
       Dungeon |  93.4 |  94.1 |  92.6 |   N/A |  98.1 | 1086.5
         Abyss |   0.3 |   0.6 |   0.0 |   N/A |   1.1 | 124.0
         Sewer |   6.3 |   5.3 |   7.4 |   N/A |   0.8 |  84.0
               +-------+-------+-------+-------+-------+----------------------
